 Dungeon Crawl Stone Soup version 0.25-a0-842-g81a31cfd23 (webtiles) character file.

Game seed: 12489379230196810828, levelgen mode: deterministic

288 wullow the Shield-Bearer (level 6, -2/48 HPs)
             Began as a Demonspawn Fighter on Apr 24, 2020.
             Killed by divine providence
             ... invoked by an orc priest
              (11 damage)
             ... on level 3 of the Dungeon.
             The game lasted 00:06:07 (2821 turns).

wullow the Shield-Bearer (Demonspawn Fighter)       Turns: 2821, Time: 00:06:07

Health: -2/48      AC: 14    Str: 18    XL:     6   Next: 9%
Magic:  6/6        EV:  0    Int: 10    God:
Gold:   114        SH:  9    Dex: 12    Spells: 5/5 levels left

rFire    + . .     SeeInvis .   D - +2 dagger (venom)
rCold    + . .     Gourm    .   c - +0 kite shield
rNeg     . . .     Faith    .   y - +0 gold dragon scales
rPois    +         Spirit   .   (helmet restricted)
rElec    .         Reflect  .   s - +0 cloak
rCorr    .         Harm     .   (no gloves)
MR       .....                  (no boots)
Stlth    ..........             (no amulet)
HPRegen  0.16/turn              (no ring)
MPRegen  0.10/turn              (no ring)

@: no status effects
A: claws 1, hooves 1, horns 1, demonic guardian 1
a: no special abilities


You were on level 3 of the Dungeon.
You were not hungry.

You visited 1 branch of the dungeon, and saw 3 of its levels.

You collected 114 gold pieces.

Inventory:

Hand Weapons
 a - a +0 rapier
 D - a +2 dagger of venom (weapon)
Missiles
 l - 33 arrows
 m - 127 stones (quivered)
 C - 20 sling bullets
Armour
 b - a +0 scale mail
 c - a +0 kite shield (worn)
 s - a +0 cloak (worn)
 y - +0 gold dragon scales (worn)
Magical Staves
 A - an uncursed staff of cold
Jewellery
 g - an uncursed amulet of rage
Scrolls
 e - 2 scrolls of remove curse {unknown}
 i - 3 scrolls of teleportation {unknown}
 j - a scroll of fog {unknown}
 k - 7 scrolls of identify {unknown}
 o - 4 scrolls of amnesia {unknown}
 r - 2 scrolls of blinking {unknown}
 u - 2 scrolls of immolation {unknown}
 x - a scroll of random uselessness {unknown}
 z - a scroll of fear {unknown}
Potions
 d - a potion of might
 n - a potion of ambrosia {unknown}
 p - 2 potions of degeneration {unknown}
 q - a potion of magic {unknown}
 t - a potion of mutation {unknown}
 v - a potion of haste {unknown}
 w - 2 potions of curing {unknown}
Comestibles
 f - 4 rations


   Skills:
 + Level 4.0 Fighting
 * Level 3.8 Short Blades
 - Level 3.0 Armour
 * Level 4.3 Shields


You had 5 spell levels left.
You didn't know any spells.
Your spell library was empty.

Dungeon Overview and Level Annotations

Branches:
Dungeon (3/15)

Altars:
Ashenzari
Dithmenos
Sif Muna
Uskayaw
Vehumet


Innate Abilities, Weirdness & Mutations

You have sharp fingernails.
You have large cloven feet.
You have a pair of small horns on your head.
A weak demonic guardian rushes to your aid.


Message History

The orc zaps a wand.
The mass of ice explodes!
The iceblast engulfs you but does no damage.
There is a stone staircase leading up here.
The orc zaps a wand.
The mass of ice explodes!
The iceblast engulfs you but does no damage.
The orc zaps a wand.
The mass of ice explodes!
The iceblast engulfs you! You partially resist.
The orc priest calls down the wrath of Beogh upon you.
Beogh smites you!
The orc zaps a wand.
The mass of ice explodes!
The iceblast engulfs you! You partially resist.
The orc zaps a wand.
The mass of ice explodes!
The iceblast engulfs your shadow imp!
Your shadow imp partially resists.
Your shadow imp dies!
The iceblast engulfs you! You partially resist.
* * * LOW HITPOINT WARNING * * *
The orc priest calls down the wrath of Beogh upon you.
Beogh smites you!
You die...

#.w#..##.oo.o.#####..##.###.#.
#o.'#o#.#'..####o# ##..##.# #.#.
# # ###...# #.# #...##.# #.#. ..
..o#### #o# #...##.###.#. .# ####
#.# #.....[....). .# #.#
#...##.###.## .# #.# #...##.#
#... .# #.## #...##.######
.########### #@.###............
...........#####...##[#.##.######
.####.......)....5......##.#
....#.####.#####...######..#
###.#.# #..# ##.## #.##
##...^###..# #.# #.# #
...#.......# #.# #.# #
##....###.## #.#######.##### #
##.#.###.# #.##..........# #


You could see an orc priest, an orc and a friendly quasit.

Vanquished Creatures
  Grinder (D:3)
  4 adders (D:2)
  An ooze (D:2)
  A worm (D:2)
  2 leopard geckos
  An orc (D:3)
  A ball python (D:2)
  4 giant cockroaches
  8 goblins
  4 hobgoblins
  2 jackals (D:2)
  2 quokkas (D:2)
  7 bats
  2 frilled lizards
  7 kobolds
  7 rats
54 creatures vanquished.

Notes
Turn   | Place    | Note
-------+----------+-------------------------------------------
     0 | D:1      | wullow the Demonspawn Fighter began the quest for the Orb.
     0 | D:1      | Reached XP level 1. HP: 18/18 MP: 1/1
   702 | D:1      | Gained mutation: You have sharp fingernails. [demonic
                  | ancestry]
   702 | D:1      | Reached XP level 2. HP: 21/24 MP: 2/2
  1171 | D:2      | Gained mutation: You have large cloven feet. [demonic
                  | ancestry]
  1171 | D:2      | Reached XP level 3. HP: 10/29 MP: 3/3
  1635 | D:2      | Gained mutation: A weak demonic guardian rushes to your
                  | aid. [demonic ancestry]
  1635 | D:2      | Reached XP level 4. HP: 31/35 MP: 4/4
  1990 | D:3      | Found a shimmering blue altar of Sif Muna.
  1991 | D:3      | Found a shattered altar of Ashenzari.
  1991 | D:3      | Found a radiant altar of Vehumet.
  2073 | D:3      | Found a shadowy altar of Dithmenos.
  2073 | D:3      | Noticed Grinder
  2079 | D:3      | Paralysed by Grinder for 2 turns
  2092 | D:3      | Paralysed by Grinder for 2 turns
  2098 | D:3      | Killed Grinder
  2098 | D:3      | Gained mutation: You have a pair of small horns on your
                  | head. [demonic ancestry]
  2098 | D:3      | Reached XP level 5. HP: 12/42 MP: 5/5
  2098 | D:3      | Reached XP level 6. HP: 14/48 MP: 6/6
  2792 | D:3      | Found a hide-covered altar of Uskayaw.
  2821 | D:3      | Killed from afar by an orc priest

Levels and vault maps discovered:
D:1:      minmay_arrival_widening_spiral_wide, layout_basic
D:2:      layout_rooms
D:3:      layout_loops_ring, old_standard_altar,
          nicolae_overflow_quartered_altars, minmay_cupped, uniq_grinder

Skill      XL: |  1  2  3  4 |
---------------+-------------+-----
Short Blades   | 2 3 |  3.8
Shields        | 3 4 |  4.3
Armour         | 3 |  3.0
Fighting       | 4 |  4.0

Action                   |  1- 3 |  4- 6 || total
-------------------------+-------+-------++-------
Melee: Dagger            |    99 |    77 ||   176
       Rapier            |    14 |       ||    14
       Kick              |     6 |    18 ||    24
       Headbutt          |       |     5 ||     5
  Eat: Chunk             |     2 |     4 ||     6
Armor: Scale mail        |    58 |    15 ||    73
       Gold dragon scale |       |    35 ||    35
Dodge: Dodged            |    40 |    11 ||    51
Block: Kite shield       |    52 |    27 ||    79

Table legend:
 A = Non-vault XP
 B = Vault XP
 C = Vault XP percentage of total XP
 D = Non-vault monster count
 E = Vault monster count
 F = Vault count percentage of total count
                 A         B        C        D         E       F
            +---------+---------+-------+---------+---------+-------
      Total |     143 |     269 |  65.3 |      51 |       3 |   5.6
            +---------+---------+-------+---------+---------+-------
        D:1 |      16 |       0 |   0.0 |      11 |       0 |   0.0
        D:2 |      98 |       0 |   0.0 |      23 |       0 |   0.0
        D:3 |      29 |     269 |  90.3 |      17 |       3 |  15.0
            +---------+---------+-------+---------+---------+-------
